 Dungeon Crawl Stone Soup version 0.28-a0-1447-ga5a8893891 (webtiles) character file.

Game seed: 9225172246091770090

465 testman the Cudgeller (level 7, -6/59 HPs)
             Began as a Gnoll Cinder Acolyte on Jan 11, 2022.
             Was a High Priest of Ignis.
             Killed by nerve-wracking pain
             ... invoked by an orc priest
              (8 damage)
             ... on level 5 of the Dungeon.
             The game lasted 00:15:50 (3300 turns).

testman the Cudgeller (Gnoll Cinder Acolyte)        Turns: 3300, Time: 00:15:50

Health: -6/59      AC:  9    Str: 15    XL:     7   Next: 8%
Magic:  12/12      EV:  2    Int: 14    God:    Ignis [*****.]
Gold:   231        SH: 12    Dex:  7    Spells: 13/13 levels left

rFire   + . .      SeeInvis .   d - +2 hand axe (drain)
rCold   . . .      Faith    .   p - +2 tower shield
rNeg    . . .      Spirit   .   e - +0 chain mail
rPois   .          Reflect  .   q - +0 helmet
rElec   .          Harm     .   (no cloak)
rCorr   .          Rampage  .   (no gloves)
Will    .....                   (no boots)
Stlth   ..........              (no amulet)
HPRegen 0.19/turn               (no ring)
MPRegen 0.13/turn               (no ring)

@: flying
A: fangs 1, strong nose, distributed training
a: Renounce Religion, Fiery Armour, Foxfire Swarm, Rising Flame


You were on level 5 of the Dungeon.
You worshipped Ignis.
Ignis was extremely pleased with you.
You visited 1 branch of the dungeon, and saw 5 of its levels.

You collected 257 gold pieces.
You spent 26 gold pieces at shops.

Inventory:

Hand Weapons
 a - a -1 mace of flaming
 c - a +0 hunting sling
 d - a +2 hand axe of draining (weapon)
Missiles
 f - 194 stones
 i - 17 poisoned darts (quivered)
 j - 107 arrows
 k - 41 bolts
 u - 18 sling bullets
Armour
 b - a +0 robe
 e - a +0 chain mail (worn)
 p - a +2 tower shield (worn)
 q - a +0 helmet (worn)
Jewellery
 l - a ring of positive energy
Wands
 n - a wand of flame (25)
Scrolls
 g - a scroll of teleportation
 m - a scroll of fog
 s - a scroll of enchant armour {unknown}
 v - a scroll of summoning {unknown}
Potions
 h - a potion of degeneration
 o - a potion of lignification


   Skills:
 + Level 6.9 Fighting
 + Level 2.2 Short Blades
 + Level 2.2 Long Blades
 + Level 2.2 Axes
 + Level 6.9 Maces & Flails
 + Level 2.2 Polearms
 + Level 2.2 Staves
 + Level 2.2 Slings
 + Level 2.2 Bows
 + Level 2.2 Crossbows
 + Level 2.2 Throwing
 + Level 2.2 Armour
 + Level 2.2 Dodging
 + Level 2.2 Stealth
 + Level 2.2 Shields
 + Level 2.2 Unarmed Combat
 + Level 3.6 Spellcasting
 + Level 1.8 Conjurations
 + Level 1.8 Hexes
 + Level 1.8 Summonings
 + Level 1.8 Necromancy
 + Level 1.8 Translocations
 + Level 1.8 Transmutations
 + Level 5.7 Fire Magic
 + Level 1.8 Ice Magic
 + Level 1.8 Air Magic
 + Level 1.8 Earth Magic
 + Level 1.8 Poison Magic
 + Level 2.5 Invocations
 + Level 2.2 Evocations


You had 13 spell levels left.
You didn't know any spells.
Your spell library contained the following spells:

 Spells                   Type           Power      Damage    Failure   Level
 Magic Dart               Conj           28%        1d4       100%        1
 Call Imp                 Summ           7%         N/A       100%        2
 Scorch                   Fire           36%        2d7       100%        2
 Mephitic Cloud           Conj/Pois/Air  7%         N/A       100%        3
 Summon Forest            Summ/Tloc      3%         N/A       100%        5
 Eringya's Noxious Bog    Tmut/Pois      3%         N/A       100%        6
 Summon Hydra             Summ           3%         N/A       100%        7


Dungeon Overview and Level Annotations

Branches:
Dungeon (5/15)             Temple (0/1) D:4

Altars:

Shops:
D:4 *


Innate Abilities, Weirdness & Mutations

You have very sharp teeth.
Your uncanny sense of smell can sniff out nearby items.
Your experience applies equally to all skills.


Message History

The orc priest hits you with a +0 dagger.
* * * LOW HITPOINT WARNING * * *
The orc priest looks satisfied for a moment.
You hit the orc priest but do no damage.
You drain the orc priest.
The orc priest is heavily wounded.
The orc priest invokes the aid of Beogh against you.
Pain shoots through your body!
* * * LOW HITPOINT WARNING * * *
You block the orc priest's attack.
You hit the orc priest but do no damage.
You bite the orc priest, but do no damage.
The orc priest is heavily wounded.
The orc priest hits you with a +0 dagger.
* * * LOW HITPOINT WARNING * * *
You hit the orc priest.
The orc priest is heavily wounded.
You block the orc priest's attack.
The orc priest casts a cantrip, but nothing happens.
You hit the orc priest but do no damage.
You bite the orc priest, but do no damage.
The orc priest is heavily wounded.
You block the orc priest's attack.
You hit the orc priest but do no damage.
You drain the orc priest.
The orc priest is severely wounded.
You block the orc priest's attack. The orc priest completely misses you.
You hit the orc priest but do no damage.
The orc priest is severely wounded.
The orc priest mumbles some strange prayers to Beogh against you.
Beogh smites you!
* * * LOW HITPOINT WARNING * * *
You block the orc priest's attack.
Okay, then.
It was a potion of flight.
You feel very buoyant.
You fly up into the air.
The orc priest invokes the aid of Beogh against you.
Pain shoots through your body!
You die...

*,* *,*##.......#......# *,*
#.####.###.##.#.##.#
*,****#......# #.##†#.##.#
*,,,,*######.###.##<.....#
****,* ##....#*###.#### *,*
##...### #.# *****,* ##.....##
#.#* **,*,*,* *#....)..#* #..**
*****,,,,,,**#.#@#.....#**#..,**
,,,,,,,,,,,,,###o#.....+,,....,*
******,,,,***#...##....#***...**
*,*,**#...#..*...## *,,***
****#...####.##.## *,,,,*
***,,,..#**,,*..*##*****,,,,*
***,,,**.**,,,,*#.#*,,,,***,,,*
**,,,*,,*,,*,,,,,*..*,,,,* **,**
,,,****,**,**,,,,*#.#***,* *,*


You could see an orc priest (drained).

Vanquished Creatures
  2 scorpions
  A bullfrog (D:5)
  A howler monkey (D:4)
  An iguana (D:5)
  2 orc wizards
  A hound skeleton (D:4)
  8 adders
  A shadow imp (D:3)
  An ufetubus (D:4)
  2 worms (D:2)
  7 orcs
  4 endoplasms
  A giant cockroach (D:3)
  10 goblins
  10 hobgoblins
  2 quokkas
  3 ball pythons
  5 bats
  5 frilled lizards
  5 kobolds
  4 rats
76 creatures vanquished.

Notes
Turn   | Place    | Note
-------+----------+-------------------------------------------
     0 | D:1      | testman the Gnoll Cinder Acolyte began the quest for the
                  | Orb.
     0 | D:1      | Reached XP level 1. HP: 23/23 MP: 4/4
    11 | D:1      | Noticed a minotaur zombie
    15 | D:1      | Noticed a merfolk zombie
    17 | D:1      | Noticed a merfolk zombie
    17 | D:1      | Noticed a demonspawn zombie
    67 | D:1      | You fall into a shaft and drop 1 floor!
   206 | D:1      | Reached XP level 2. HP: 29/29 MP: 5/5
   568 | D:2      | Reached XP level 3. HP: 35/35 MP: 7/7
   845 | D:2      | Reached skill level 1 in Invocations
   967 | D:2      | Reached skill level 1 in Short Blades
   967 | D:2      | Reached skill level 1 in Long Blades
   967 | D:2      | Reached skill level 1 in Axes
   967 | D:2      | Reached skill level 1 in Polearms
   967 | D:2      | Reached skill level 1 in Staves
   967 | D:2      | Reached skill level 1 in Slings
   967 | D:2      | Reached skill level 1 in Bows
   967 | D:2      | Reached skill level 1 in Crossbows
   967 | D:2      | Reached skill level 1 in Throwing
   967 | D:2      | Reached skill level 1 in Armour
   967 | D:2      | Reached skill level 1 in Dodging
   967 | D:2      | Reached skill level 1 in Stealth
   967 | D:2      | Reached skill level 1 in Shields
   967 | D:2      | Reached skill level 1 in Unarmed Combat
   967 | D:2      | Reached skill level 1 in Evocations
  1115 | D:2      | Reached XP level 4. HP: 41/41 MP: 8/8
  1398 | D:3      | Reached skill level 1 in Conjurations
  1398 | D:3      | Reached skill level 1 in Hexes
  1398 | D:3      | Reached skill level 1 in Summonings
  1398 | D:3      | Reached skill level 1 in Necromancy
  1398 | D:3      | Reached skill level 1 in Translocations
  1398 | D:3      | Reached skill level 1 in Transmutations
  1398 | D:3      | Reached skill level 1 in Ice Magic
  1398 | D:3      | Reached skill level 1 in Air Magic
  1398 | D:3      | Reached skill level 1 in Earth Magic
  1398 | D:3      | Reached skill level 1 in Poison Magic
  1776 | D:3      | Reached XP level 5. HP: 43/47 MP: 9/9
  2521 | D:4      | Found Liemo's General Store.
  2550 | D:4      | Bought a scroll of identify for 26 gold pieces
  2580 | D:4      | Found a staircase to the Ecumenical Temple.
  2607 | D:4      | Reached XP level 6. HP: 50/53 MP: 10/10
  3114 | D:5      | Entered Level 5 of the Dungeon
  3288 | D:5      | Reached XP level 7. HP: 24/59 MP: 12/12
  3299 | D:5      | HP: 1/59 [orc priest/divine providence (14)]
  3300 | D:5      | Killed from afar by an orc priest

Illustrated notes

Levels and vault maps discovered:
D:1:      shiori_arrival_whats_in_store_for_you, layout_rooms
D:2:      layout_basic
D:3:      layout_basic
D:4:      layout_gridville, minmay_temple_entry_statues_fountains, serial_shops,
          shop
D:5:      minmay_skewed_foursquare, layout_loops_corners

Skill      XL: |  1  2  3  4  5  6 |
---------------+-------------------+-----
Invocations    | 1 2 |  2.5
Short Blades   | 1 2 |  2.2
Long Blades    | 1 2 |  2.2
Axes           | 1 2 |  2.2
Polearms       | 1 2 |  2.2
Staves         | 1 2 |  2.2
Slings         | 1 2 |  2.2
Bows           | 1 2 |  2.2
Crossbows      | 1 2 |  2.2
Throwing       | 1 2 |  2.2
Armour         | 1 2 |  2.2
Dodging        | 1 2 |  2.2
Stealth        | 1 2 |  2.2
Shields        | 1 2 |  2.2
Unarmed Combat | 1 2 |  2.2
Evocations     | 1 2 |  2.2
Spellcasting   | 3 |  3.6
Conjurations   | 1 |  1.8
Hexes          | 1 |  1.8
Summonings     | 1 |  1.8
Necromancy     | 1 |  1.8
Translocations | 1 |  1.8
Transmutations | 1 |  1.8
Ice Magic      | 1 |  1.8
Air Magic      | 1 |  1.8
Earth Magic    | 1 |  1.8
Poison Magic   | 1 |  1.8
Fighting       | |  6.9
Maces & Flails | |  6.9
Fire Magic     | |  5.7

Action                   |  1- 3 |  4- 6 |  7- 9 || total
-------------------------+-------+-------+-------++-------
Melee: Mace              |    70 |       |       ||    70
       Bite              |     1 |     7 |     2 ||    10
       Hand axe          |     6 |   152 |    12 ||   170
       Punch             |     1 |       |       ||     1
Throw: Dart              |       |     1 |       ||     1
  Use: Scroll            |     6 |     2 |       ||     8
       Potion            |       |       |     1 ||     1
Armor: Chain mail        |    55 |   125 |     2 ||   182
Dodge: Dodged            |    14 |    50 |     1 ||    65
Block: Tower shield      |       |    54 |     6 ||    60

Table legend: (Time is in decaauts)
 A = Elapsed time spent in this place.
 B = Non-inter-level travel time spent in this place.
 C = Inter-level travel time spent in this place.
 D = Time resting spent in this place.
 E = Time spent auto-exploring this place.
 F = Levels seen in this place.
 G = Mean time per level.
                   A        B        C        D        E       F      G
               +--------+--------+--------+--------+--------+-----+--------+
         Total |   3379 |   3290 |     89 |    481 |   2063 |   5 |  675.8 |
       Dungeon |   3379 |   3290 |     89 |    481 |   2063 |   5 |  675.8 |
               +--------+--------+--------+--------+--------+-----+--------+

Top non-repeatable levels by time:
     D:2: 951 daAuts
     D:3: 927 daAuts
     D:4: 877 daAuts
     D:1: 414 daAuts
     D:5: 208 daAuts
